 Dungeon Crawl Stone Soup version 0.25.0-9-g26727b657a (webtiles) character file.

Game seed: 15825416143555172747

558771 Ijustatesigmund the Hill Orc Aeon (level 26, -6/253 (254) HPs)
             Began as a Hill Orc Fighter on June 18, 2020.
             Was the Champion of Cheibriados.
             Mangled by an emperor scorpion (7 damage)
             ... summoned by a greater mummy
             ... on level 3 of a ziggurat on June 19, 2020.
             The game lasted 02:55:06 (59384 turns).

Ijustatesigmund the Hill Orc Aeon (HOFi)           Turns: 59384, Time: 02:55:07

HP:   -6/253 (254)  AC: 37    Str: 45      XL:     26   Next: 56%
MP:   38/40         EV: 22    Int: 30 (31) God:    Cheibriados [******]
Gold: 1740          SH: 32    Dex: 33      Spells: 21/25 levels left

rFire    + + +     SeeInvis +   a - +8 broad axe (elec)
rCold    . . .     Gourm    .   J - +6 tower shield of Trial and Error {MR+}
rNeg     . . .     Faith    .   z - +7 fire dragon scales
rPois    .         Spirit   .   C - +1 helmet "Dijitu" {Int+4}
rElec    .         Reflect  .   t - +2 cloak
rCorr    .         Harm     .   L - +2 pair of gloves
MR       ++...                  E - +2 pair of boots
Stlth    ..........             K - amulet of Jefabaif {rC+ Regen+ Dex+4}
HPRegen  0.00/turn              F - ring of the Evening {rF+ Str+7 SInv Stlth-}
MPRegen  0.27/turn              n - +4 ring of slaying

@: lethally poisoned (-6 -> -193), non-regenerating, badly diseased, slowed,
very slow
A: icy blue scales 1, clever 1, clumsy 1, shaggy fur 1
}: 3/15 runes: decaying, serpentine, silver
a: Bend Time, Temporal Distortion, Slouch, Step From Time, Renounce Religion


You were on level 3 of a ziggurat.
You worshipped Cheibriados.
Cheibriados was exalted by your worship.
You were not hungry.

You visited 9 branches of the dungeon, and saw 45 of its levels.
You visited the Abyss 1 time.
You visited 1 bazaar.
You visited 1 ziggurat, and saw 3 of its levels.
You also visited: Bailey, Ice Cave and Volcano.

You collected 7453 gold pieces.
You spent 5713 gold pieces at shops.

Inventory:

Hand Weapons
 a - a +8 broad axe of electrocution (weapon)
Armour
 t - a +2 cloak (worn)
 z - +7 fire dragon scales (worn)
 C - the +1 helmet "Dijitu" (worn) {Int+4}
   (You bought it in a shop on level 2 of the Vaults)

   It affects your intelligence (+4).
 E - a +2 pair of boots (worn)
 J - the +6 tower shield of Trial and Error (worn) {MR+}
   (You bought it in a shop on level 12 of the Dungeon)

   It affects your resistance to hostile enchantments.
 L - a +2 pair of gloves (worn)
 V - the +8 ice dragon scales of the Present {rF- rC++ rCorr Dex-3 Stlth+}
   (You found it on level 3 of the Elven Halls)

   It affects your dexterity (-3).
   It makes you vulnerable to fire.
   It greatly protects you from cold.
   It provides partial protection from all sources of acid and corrosion.
   It makes you more stealthy.
Jewellery
 e - the amulet "Xuer" {Reflect MR+ Int+5 SH+5}
   (You bought it in a shop on level 2 of the Elven Halls)

   [amulet of reflection]

   It shields you and reflects attacks.
   It affects your intelligence (+5).
   It affects your resistance to hostile enchantments.
   It affects your SH (+5).
 i - the ring of Goaketof {rElec rF+ rC- EV+4 Str+6}
   (You acquired it in a bailey)

   [ring of evasion]

   It affects your evasion (+4).
   It affects your strength (+6).
   It protects you from fire.
   It makes you vulnerable to cold.
   It insulates you from electricity.
 n - a +4 ring of slaying (right hand)
 A - an uncursed ring of wizardry
 F - the ring of the Evening (left hand) {rF+ Str+7 SInv Stlth-}
   (You found it on level 3 of the Elven Halls)

   [ring of see invisible]

   It affects your strength (+7).
   It protects you from fire.
   It lets you see invisible.
   It makes you less stealthy.
 I - a ring of the Octopus King {rCorr AC+1 EV+1 Str+1 Int+1 Dex+1}
   (You took it off a deep elf death mage on level 3 of the Elven Halls)

   [ring of resist corrosion]

   It affects your AC (+1).
   It affects your evasion (+1).
   It affects your strength (+1).
   It affects your intelligence (+1).
   It affects your dexterity (+1).
   It provides partial protection from all sources of acid and corrosion.
 K - the amulet of Jefabaif (around neck) {rC+ Regen+ Dex+4}
   (You bought it in a shop on level 1 of the Elven Halls)

   [amulet of regeneration]

   It affects your dexterity (+4).
   It protects you from cold.
   It increases your rate of regeneration.
 M - a +4 ring of evasion
 N - an uncursed ring of see invisible
 O - an uncursed ring of positive energy
 X - a +4 ring of slaying
Wands
 s - a wand of iceblast (26)
 u - a wand of polymorph (17)
 H - a wand of clouds (11)
 P - a wand of acid (23)
 Y - a wand of digging (7)
Scrolls
 b - a scroll of fear
 g - 2 scrolls of summoning
 j - 18 scrolls of teleportation
 o - 7 scrolls of immolation
 p - a scroll of silence
 y - 18 scrolls of remove curse
 B - 6 scrolls of fog
 G - a scroll of enchant weapon
 Q - 6 scrolls of identify
 T - a scroll of blinking
 W - 4 scrolls of holy word
 Z - 2 scrolls of magic mapping
Potions
 c - 2 potions of magic
 d - 4 potions of heal wounds
 h - 4 potions of brilliance
 k - 9 potions of stabbing
 m - 5 potions of lignification
 q - 13 potions of curing
 r - 5 potions of ambrosia
 v - 2 potions of invisibility
 w - 8 potions of mutation
 x - 7 potions of flight
 S - 2 potions of resistance
 U - 5 potions of might
Miscellaneous
 D - 4 phantom mirrors
 R - 5 boxes of beasts
Comestibles
 f - 72 rations


   Skills:
 + Level 23.9 Fighting
 + Level 25.9 Axes
 - Level 14.9 Armour
 - Level 11.4 Dodging
 - Level 15.0 Shields
 - Level 7.6 Summonings
 - Level 9.0 Translocations
 O Level 27 Invocations
 - Level 4.0 Evocations


You had 21 spell levels left.
You knew the following spells:

 Your Spells              Type           Power        Failure   Level  Hunger
a - Apportation           Tloc           ######       1%          1    ##.....
b - Blink                 Tloc           N/A          1%          2    ###....
c - Summon Butterflies    Summ           #####...     2%          1    ##.....

Your spell library contained the following spells:

 Spells                   Type           Power        Failure   Level  Hunger
 Summon Small Mammal      Summ           ####         2%          1    ##.....
 Call Imp                 Summ           #####...     3%          2    ###....
 Gell's Gravitas          Tloc           ######....   4%          3    ####...
 Lesser Beckoning         Tloc           ######....   4%          3    ####...
 Recall                   Summ/Tloc      N/A          5%          3    ####...
 Call Canine Familiar     Summ           #####...     7%          3    ####...
 Portal Projectile        Hex/Tloc       ####..       26%         3    ####...
 Summon Guardian Golem    Hex/Summ       ###.....     34%         3    ####...
 Summon Forest            Summ/Tloc      #####.....   45%         5    ######.
 Animate Skeleton         Necr           N/A          47%         1    ##.....
 Corona                   Hex            #......      47%         1    ##.....
 Freeze                   Ice            #...         47%         1    ##.....
 Magic Dart               Conj           #...         47%         1    ##.....
 Pain                     Necr           #...         47%         1    ##.....
 Aura of Abjuration       Summ           #####.....   54%         5    ######.
 Summon Demon             Summ           #####.....   54%         5    ######.
 Corpse Rot               Necr/Air       N/A          63%         2    ###....
 Ensorcelled Hibernation  Hex/Ice        #.....       63%         2    ###....
 Searing Ray              Conj           #.....       63%         2    ###....
 Slow                     Hex            #.......     63%         2    ###....
 Sublimation of Blood     Necr           #.........   63%         2    ###....
 Iskenderun's Mystic Bla  Conj/Tloc      ####....     63%         4    #####..
 Summon Ice Beast         Ice/Summ       ###.....     75%         4    #####..
 Summon Lightning Spire   Summ/Air       ###.....     75%         4    #####..
 Confusing Touch          Hex            #.......     85%         3    ####...
 Conjure Flame            Conj/Fire      #.......     85%         3    ####...
 Dazzling Flash           Conj/Hex       #.....       85%         3    ####...
 Frozen Ramparts          Ice            #.....       85%         3    ####...
 Ignite Poison            Fire/Tmut/Pois #.......     85%         3    ####...
 Mephitic Cloud           Conj/Pois/Air  #.......     85%         3    ####...
 Ozocubu's Armour         Chrm/Ice       #.......     85%         3    ####...
 Spectral Weapon          Hex/Chrm       #.......     85%         3    ####...
 Tukima's Dance           Hex            #.......     85%         3    ####...
 Vampiric Draining        Necr           #.........   85%         3    ####...
 Summon Mana Viper        Hex/Summ       ###.....     97%         5    ######.
 Shadow Creatures         Summ           N/A          98%         6    #######
 Animate Dead             Necr           N/A          99%         4    #####..
 Dispel Undead            Necr           #.......     99%         4    #####..
 Fulminant Prism          Conj/Hex       #.........   99%         4    #####..
 Hailstorm                Conj/Ice       #.......     99%         4    #####..
 Petrify                  Tmut/Erth      #.......     99%         4    #####..
 Agony                    Necr           #.......     100%        5    ######.
 Alistair's Intoxication  Tmut/Pois      #.......     100%        5    ######.
 Bolt of Magma            Conj/Fire/Erth #.........   100%        5    ######.
 Excruciating Wounds      Chrm/Necr      #.........   100%        5    ######.
 Fireball                 Conj/Fire      #.........   100%        5    ######.
 Irradiate                Conj/Tmut      #.........   100%        5    ######.
 Iskenderun's Battlesphe  Conj/Chrm      #.......     100%        5    ######.
 Metabolic Englaciation   Hex/Ice        #.........   100%        5    ######.
 Yara's Violent Unravell  Hex/Tmut       #.........   100%        5    ######.
 Hydra Form               Tmut           #.........   100%        6    #######
 Invisibility             Hex            #.......     100%        6    #######
 Iron Shot                Conj/Erth      #.........   100%        6    #######
 Starburst                Conj/Fire      #.........   100%        6    #######
 Statue Form              Tmut/Erth      #........    100%        6    #######
 Dragon Form              Tmut           #.........   100%        7    #######
 Orb of Destruction       Conj           #.........   100%        7    #######
 Ring of Flames           Chrm/Fire      #.........   100%        7    #######
 Spellforged Servitor     Conj/Summ      ###.......   100%        7    #######
 Summon Hydra             Summ           #####.....   100%        7    #######
 Ignition                 Fire           #.........   100%        8    #######


Dungeon Overview and Level Annotations

Branches:
Dungeon (15/15)            Temple (0/1) D:6            Lair (6/6) D:9
  Swamp (4/4) Lair:2        Snake (4/4) Lair:2        Slime (0/5) Lair:5
    Orc (2/2) D:10            Elf (3/3) Orc:2        Vaults (5/5) D:13
  Crypt (1/3) Vaults:2     Depths (5/5) D:15            Zot (0/5) Depths:5
 Bailey (visited)           IceCv (visited)         Volcano (visited)

Altars:
Ashenzari
Cheibriados
Gozag
Kikubaaqudgha
Nemelex Xobeh
Qazlal
Ru
Trog
Vehumet
Xom
Yredelemnul
The Shining One

Shops:
D:12 [   Orc:2 =([[   Elf:1 :*=!   Elf:2 =   Snake:1 **   Vaults:1 *
Vaults:2 [:   Vaults:3 ![   Vaults:5 [   Depths:2 ?

Portals:
Hell: Depths:1 Depths:3 Depths:4 Depths:5
Abyss: Depths:1 Depths:2 Depths:3 Depths:4
Pandemonium: Depths:3 Depths:5
Trove: D:10 (give +5 fire dragon scales)

Annotations:
Lair:2 3 runed translucent doors, Jalix's ghost, journeyman MiGl
Lair:5 exclusion: oklob plant
Elf:2 1 runed translucent door


Innate Abilities, Weirdness & Mutations

You are partially covered in icy blue scales. (AC +2)
Your mind is acute. (Int +2)
You are clumsy. (Dex -2)
You are covered in fur. (AC +1)


Message History

You feel extremely sick.
You block the emperor scorpion's attack. x3
The greater mummy hits you!
* * * LOW HITPOINT WARNING * * *
The emperor scorpion stings you but does no damage.
The emperor scorpion claws you but does no damage.
The emperor scorpion completely misses you.
The ushabti shakes and rattles deafeningly!
The emperor scorpion is engulfed in dark miasma.
The emperor scorpion seems to slow down.
The emperor scorpion dies!
The emperor scorpion's corpse disappears in a puff of smoke!
The emperor scorpion closely misses you.
You block the emperor scorpion's attack.
The emperor scorpion closely misses you.
The greater mummy casts a spell at you. Something smites you!
* * * LOW HITPOINT WARNING * * *
The emperor scorpion stings you!
You die...

▓▓▓▓▓▓▓▓▓
▓▓...8...▓▓
▓▓....s°§°§▓▓
▓▓.....@°§○§∩▓
▓.∩...°sM§§§>[▓
▓▓...○.....§∩▓▓
▓▓.○.......▓▓
▓▓.......▓▓
▓▓▓▓▓▓▓▓▓


You could see a greater mummy (dazed), 2 emperor scorpions and an ushabti
(catching breath).

Vanquished Creatures
  Mennas (Vaults:5)
  Frederick (Vaults:5)
  Saint Roka (Orc:1)
  A golden dragon (Vaults:5)
  Jory (Depths:4)
  A bone dragon (Depths:5)
  Jorgrun (Snake:1)
  7 tentacled monstrosities
  Rupert (D:11)
  2 deep elf blademasters (Elf:3)
  2 liches (Depths:4)
  Asterion (Snake:1)
  A quicksilver dragon (Vaults:5)
  3 deep elf master archers (Elf:3)
  6 titans (Vaults:5)
  4 sphinxes
  An Executioner (Abyss:2)
  The ghost of Name63 the Thaumaturge, an adept GnWz of Cheibriados (Swamp:3)
  The ghost of Amikeex the Brawler, an adept TrMo of Nemelex Xobeh (Depths:5)
  Kirke (Snake:1)
  Donald (Swamp:4)
  3 thorn hunters
  Agnes (Snake:1)
  The ghost of Liforeniyw the Executioner, an adept MiBe of Trog (Snake:1)
  5 tengu reavers
  12 nagarajas
  5 shadow dragons (Vaults:5)
  3 storm dragons
  10 fire giants
  A draconian knight (Depths:5)
  8 frost giants
  10 deep elf sorcerers
  An iron dragon (Vaults:5)
  15 vault wardens
  Louise (Elf:2)
  A ghost moth (shapeshifter) (Vaults:5)
  5 deep elf elementalists
  A draconian scorcher (Depths:5)
  A reaper (Depths:1)
  A juggernaut zombie (Crypt:1)
  An emperor scorpion (D:15)
  18 ironheart preservers
  20 stone giants
  A draconian annihilator (Depths:5)
  2 war gargoyles
  19 very ugly things
  5 vampire knights
  An entropy weaver (Vaults:3)
  16 deep elf demonologists
  Nessos (D:12)
  A green draconian (Depths:5)
  4 red draconians
  8 deep elf annihilators
  15 deep elf death magi
  12 ettins
  5 jiangshi (Depths:4)
  2 green deaths
  5 fire dragons
  5 deep elf high priests
  6 great orbs of eyes
  Erolcha (D:10)
  14 yaktaur captains
  14 ogre magi
  Harold (D:7)
  3 shambling mangroves
  29 vault guards
  4 ice dragons
  10 naga warriors
  3 rakshasas
  A catoblepas (Lair:5)
  26 hydras
  10 centaur warriors
  A ghost crab (Swamp:2)
  19 alligators
  12 anacondas
  4 tengu warriors
  3 hell hogs (Depths:1)
  31 dancing weapons
  A death knight (Vaults:4)
  34 two-headed ogres
  8 deep troll earth magi
  9 deep troll shamans
  Urug (D:12)
  5 vampire magi (Depths:4)
  A satyr (Zig:1)
  4 spriggan berserkers
  17 naga sharpshooters
  5 shock serpents
  3 soul eaters
  21 deep elf knights
  17 hell knights
  3 shadow wraiths
  A titan skeleton (Crypt:1)
  A skeletal warrior (Vaults:1)
  The ghost of Shaidar the Shield-Bearer, a novice GnFi of Okawaru (D:7)
  5 salamander mystics
  4 iron trolls
  A fire crab (Lair:6)
  4 spriggan druids
  2 unseen horrors
  A glowing orange brain (shapeshifter) (Depths:5)
  4 glowing orange brains
  25 deep trolls
  A sixfirhy (Depths:3)
  8 swamp dragons
  2 tengu zombies
  7 naga ritualists
  An obsidian statue (Snake:1)
  A swamp dragon (shapeshifter) (D:15)
  3 flayed ghosts
  13 ironbrand convokers
  A lindwurm (Lair:4)
  The ghost of Ozzies the Fighter, a novice GnWn of Cheibriados (D:6)
  6 necromancers
  16 orc knights
  25 deep elf archers
  4 wizards
  11 phantasmal warriors
  94 deep elf magi
  7 harpies
  7 mana vipers
  5 orc sorcerers
  4 oklob plants (Lair:4)
  8 fauns (Zig:1)
  3 frost giant zombies
  37 ugly things
  An orb spider (shapeshifter) (Vaults:1)
  5 fire giant zombies (Depths:4)
  A stone giant zombie (Vaults:2)
  15 salamanders
  A manticore (Lair:6)
  9 wolf spiders
  10 cyclopes
  2 centaur zombies
  A large abomination (Depths:1)
  A frost giant skeleton (Vaults:2)
  An ice statue (IceCv)
  2 rust devils (Depths:3)
  9 elephants
  2 human skeletons
  A smoke demon (Depths:3)
  20 guardian serpents
  A guardian serpent (shapeshifter) (Vaults:3)
  55 black mambas
  An elephant (shapeshifter) (Depths:1)
  A centaur skeleton (D:13)
  A stone giant skeleton (Vaults:2)
  13 vault sentinels
  18 naga magi
  A torpor snail (Lair:2)
  23 spiny frogs
  A spiny frog (shapeshifter) (Depths:1)
  4 molten gargoyles
  8 rime drakes
  A rime drake (shapeshifter) (Elf:3)
  Maggie (D:6)
  A human zombie (Vaults:4)
  A tormentor (Depths:3)
  A yaktaur (shapeshifter) (Vaults:1)
  7 komodo dragons
  An efreet (D:15)
  A kobold demonologist (Bailey)
  48 yaktaurs
  A demonic crawler (Depths:1)
  6 freezing wraiths
  An ice devil (Abyss:2)
  A guardian mummy (Zig:3)
  4 tengu conjurers
  19 hornets
  A red devil (Depths:3)
  14 polar bears (IceCv)
  13 trolls
  A merfolk (D:15)
  10 bog bodies
  6 tyrant leeches
  2 wind drakes (shapeshifter)
  28 slime creatures
  14 blink frogs
  3 ettin zombies
  A dream sheep (shapeshifter) (Vaults:4)
  19 hippogriffs
  19 flying skulls (Depths:4)
  A redback (Vaults:3)
  2 shadows
  6 water elementals
  82 yaks
  A tarantella (shapeshifter) (Vaults:2)
  A vampire (D:14)
  5 air elementals
  5 wraiths
  13 spriggans
  A wyvern (shapeshifter) (Vaults:5)
  2 fire elementals (Elf:3)
  16 humans (D:13)
  5 basilisks
  An ushabti (Zig:3)
  6 fire bats (Volcano)
  Grum (D:10)
  16 wyverns
  2 hogs (Snake:1)
  A hungry ghost (D:10)
  2 chaos spawn
  A yaktaur simulacrum (Vaults:5)
  34 nagas
  9 wargs
  A swamp worm (shapeshifter) (Vaults:5)
  15 swamp worms
  An acid dragon (Vaults:2)
  11 vampire mosquitoes
  13 insubstantial wisps
  11 water moccasins
  Duvessa (D:4)
  A soldier ant (shapeshifter) (Depths:1)
  12 hell hounds
  A deep troll skeleton (Vaults:5)
  2 sky beasts
  13 swamp drakes
  12 porcupines
  A swamp drake (shapeshifter) (D:13)
  34 orc warriors
  5 ice beasts
  A sky beast (shapeshifter) (Vaults:3)
  A black bear (D:12)
  An eye of draining (shapeshifter) (Elf:2)
  A wolf (shapeshifter) (Vaults:5)
  5 phantoms
  4 boggarts (Vaults:3)
  57 ogres
  22 wolves
  8 crocodiles
  15 centaurs
  10 big kobolds
  23 bullfrogs
  2 wyvern zombies
  3 earth elementals
  3 gnoll sergeants (D:10)
  Dowan (D:4)
  5 scorpions
  5 killer bees (D:7)
  9 electric eels
  A howler monkey (D:5)
  5 crimson imps
  9 lava snakes
  A quasit (Abyss:2)
  A bullfrog zombie (D:6)
  A jelly (D:10)
  8 starcursed masses (Abyss:2)
  13 orc priests
  6 hounds
  5 iguanas
  23 orc wizards
  A hell rat (Depths:1)
  9 worker ants
  6 small abominations
  A killer bee zombie (D:5)
  A dwarf zombie (Crypt:1)
  2 hound zombies
  2 mummies (Zig:3)
  2 howler monkey zombies
  A worker ant zombie (D:5)
  10 gnolls
  A river rat (D:6)
  19 adders
  4 shadow imps
  4 white imps
  An ufetubus (Abyss:2)
  An ooze (D:2)
  An adder zombie (D:8)
  4 worms
  3 dart slugs
  6 leopard geckos
  87 orcs
  11 bats
  9 giant cockroaches
  16 goblins
  14 hobgoblins
  10 jackals
  4 quokkas
  6 ball pythons
  5 frilled lizards
  A jackal skeleton (D:6)
  20 kobolds
  8 rats
  14 briar patches
  6 crawling corpses
  4 fungi
  6 plants
2229 creatures vanquished.

Vanquished Creatures (collateral kills)
  Boris (Depths:4)
  A wizard (Depths:3)
  A glowing orange brain (Depths:4)
  A phantasmal warrior (Depths:4)
  2 yaktaurs (Depths:3)
6 creatures vanquished.

Vanquished Creatures (others)
  An alligator (Swamp:1)
  3 deep elf magi
  A spiny frog (Swamp:1)
  A human (Snake:1)
  2 briar patches (Swamp:4)
  A fungus (Lair:6)
  4 plants
13 creatures vanquished.

Grand Total: 2248 creatures vanquished

Notes
Turn   | Place    | Note
-------+----------+-------------------------------------------
     0 | D:1      | Ijustatesigmund the Hill Orc Fighter began the quest for
                  | the Orb.
     0 | D:1      | Reached XP level 1. HP: 19/19 MP: 1/1
   131 | D:1      | Reached XP level 2. HP: 22/27 MP: 2/2
   290 | D:1      | Reached XP level 3. HP: 34/34 MP: 3/3
   892 | D:2      | Reached XP level 4. HP: 41/41 MP: 4/4
  1047 | D:2      | Found a bloodstained altar of Trog.
  1210 | D:3      | Reached skill level 5 in Fighting
  1216 | D:3      | Found an opulent altar of Gozag.
  1556 | D:3      | Found a radiant altar of Vehumet.
  1556 | D:3      | Found a basalt altar of Yredelemnul.
  1840 | D:3      | Found a stormy altar of Qazlal.
  1842 | D:3      | Found a snail-covered altar of Cheibriados.
  1906 | D:4      | Reached XP level 5. HP: 40/48 MP: 5/5
  1915 | D:4      | Reached skill level 5 in Axes
  2264 | D:4      | Noticed Dowan
  2277 | D:4      | Noticed Duvessa
  2285 | D:4      | Killed Duvessa
  2285 | D:4      | Reached XP level 6. HP: 53/57 MP: 6/6
  2292 | D:4      | Killed Dowan
  2449 | D:3      | Became a worshipper of Cheibriados the Contemplative
  2553 | D:4      | Found a shimmering altar of Xom.
  2601 | D:4      | Reached skill level 1 in Invocations
  2759 | D:4      | Noticed a phantom
  2804 | D:4      | Killed a phantom
  2804 | D:4      | Reached XP level 7. HP: 51/64 MP: 6/8
  3146 | D:5      | Entered Level 5 of the Dungeon
  3161 | D:5      | Reached skill level 2 in Invocations
  3184 | D:5      | Found a stormy altar of Qazlal.
  3329 | D:5      | Reached skill level 5 in Armour
  3515 | D:5      | Reached skill level 3 in Invocations
  3618 | D:5      | Reached * piety under Cheibriados
  3981 | D:5      | Reached XP level 8. HP: 61/73 MP: 10/10
  4381 | D:6      | Reached skill level 4 in Invocations
  4567 | D:6      | Found a shattered altar of Ashenzari.
  4622 | D:6      | Found a staircase to the Ecumenical Temple.
  4725 | D:6      | Noticed Maggie
  4736 | D:6      | Killed Maggie
  4736 | D:6      | Reached ** piety under Cheibriados
  5133 | D:6      | Found a runed translucent door.
  5134 | D:6      | Noticed Ozzies's ghost (novice GnWn)
  5146 | D:6      | Reached skill level 5 in Invocations
  5271 | D:6      | Found a runed translucent door.
  5290 | D:6      | Noticed a hornet
  5305 | D:6      | Killed a hornet
  5305 | D:6      | Reached XP level 9. HP: 21/81 MP: 8/13
  5946 | D:7      | Found a runed translucent door.
  5948 | D:7      | Noticed Harold
  5949 | D:7      | Reached skill level 6 in Invocations
  5983 | D:7      | Killed Harold
  5983 | D:7      | Reached skill level 7 in Invocations
  6249 | D:7      | Found a sparkling altar of Nemelex Xobeh.
  6330 | D:7      | Noticed a hornet
  6339 | D:7      | Killed a hornet
  6818 | D:7      | Noticed Shaidar's ghost (novice GnFi)
  6818 | D:7      | Noticed a cyclops
  6864 | D:7      | Reached skill level 5 in Shields
  7284 | D:8      | Reached XP level 10. HP: 82/91 MP: 15/15
  7287 | D:8      | Reached *** piety under Cheibriados
  7287 | D:8      | Reached skill level 10 in Axes
  7317 | D:8      | Reached skill level 8 in Invocations
  7825 | D:8      | Reached skill level 10 in Fighting
  8528 | D:9      | Reached skill level 9 in Invocations
  9046 | D:9      | Found a staircase to the Lair.
  9217 | D:10     | Entered Level 10 of the Dungeon
  9238 | D:10     | Noticed Grum
  9248 | D:10     | Reached **** piety under Cheibriados
  9256 | D:9      | Reached skill level 1 in Dodging
  9558 | D:10     | Killed Grum
  9988 | D:10     | Found a portal to a secret trove of treasure.
 10229 | D:10     | Reached XP level 11. HP: 98/101 MP: 18/18
 10312 | D:10     | Found a staircase to the Orcish Mines.
 10340 | D:10     | Cast into level 2 of the Abyss (gnoll sergeant)
 10393 | Abyss:2  | Noticed a starcursed mass
 10412 | Abyss:2  | Noticed an Executioner
 10413 | Abyss:2  | Paralysed by accursed screaming for 1 turns
 10414 | Abyss:2  | Killed a starcursed mass
 10414 | Abyss:2  | Killed an Executioner
 10414 | Abyss:2  | Reached skill level 10 in Invocations
 10417 | Abyss:2  | Killed a starcursed mass
 10686 | Abyss:2  | Noticed a starcursed mass
 10697 | Abyss:2  | Killed a starcursed mass
 10699 | D:10     | Escaped the Abyss
 11226 | D:6      | Killed Ozzies's ghost
 11611 | D:7      | Killed Shaidar's ghost
 11611 | D:7      | Reached skill level 11 in Invocations
 11617 | D:7      | Killed a cyclops
 11621 | D:7      | Identified the Tome of Blistering Illusion
 12075 | D:10     | Noticed Erolcha
 12083 | D:10     | Killed Erolcha
 12206 | D:10     | Reached XP level 12. HP: 110/112 MP: 20/20
 12515 | D:10     | Noticed a two-headed ogre
 12521 | D:10     | Killed a two-headed ogre
 12721 | D:11     | Found a flagged portal.
 12740 | Bailey   | Entered a bailey
 12795 | Bailey   | Found an iron altar of Okawaru.
 12800 | Bailey   | Reached ***** piety under Cheibriados
 12804 | Bailey   | Noticed a soul eater
 13894 | Bailey   | Got the ring of Goaketof {rElec rF+ rC- EV+4 Str+6}
 14328 | D:11     | Reached skill level 12 in Invocations
 14422 | D:11     | Found a glowing golden altar of the Shining One.
 14624 | D:12     | Noticed Urug
 15143 | D:12     | Killed Urug
 15441 | D:12     | Noticed Nessos
 15446 | D:12     | Killed Nessos
 15549 | D:12     | Noticed Rupert
 15574 | D:11     | Killed Rupert
 15574 | D:11     | Reached skill level 15 in Axes
 15574 | D:11     | Reached skill level 13 in Invocations
 15574 | D:11     | Reached XP level 13. HP: 96/122 MP: 15/22
 15663 | D:12     | Found Zaherie's Antique Armour Boutique.
 15676 | D:12     | Bought a heavily runed tower shield for 304 gold pieces
 15686 | D:12     | Identified the +6 tower shield of Trial and Error {MR+}
                  | (You bought it in a shop on level 12 of the Dungeon)
 16077 | D:13     | Reached ****** piety under Cheibriados
 16481 | D:13     | Reached skill level 14 in Invocations
 16568 | D:13     | Found a gate to the Vaults.
 16877 | Orc:1    | Entered Level 1 of the Orcish Mines
 16977 | Orc:2    | Entered Level 2 of the Orcish Mines
 16977 | Orc:2    | Found a staircase to the Elven Halls.
 16999 | Elf:1    | Entered Level 1 of the Elven Halls
 16999 | Elf:1    | Noticed a deep elf demonologist
 17393 | Orc:1    | Reached XP level 14. HP: 103/133 MP: 19/24
 18103 | Orc:2    | Reached skill level 15 in Invocations
 18107 | Orc:2    | Reached skill level 15 in Fighting
 18335 | Orc:2    | Found Omentahu's Weapon Emporium.
 18335 | Orc:2    | Found Tohoal Rufu's Armour Shop.
 18335 | Orc:2    | Found Famudi's Jewellery Boutique.
 18335 | Orc:2    | Found Wanech's Armour Emporium.
 18352 | Orc:2    | Reached skill level 10 in Shields
 18357 | Orc:2    | Bought a +4 ring of evasion for 504 gold pieces
 18362 | Orc:2    | Bought a +2 cloak for 247 gold pieces
 18399 | Orc:2    | Noticed Saint Roka
 19024 | Orc:1    | Killed Saint Roka
 19376 | Lair:1   | Entered Level 1 of the Lair of Beasts
 19402 | Lair:1   | Reached skill level 16 in Invocations
 19532 | Lair:1   | Reached XP level 15. HP: 141/141 MP: 27/27
 20436 | Lair:2   | Found a runed translucent gate.
 20437 | Lair:2   | Found a runed translucent gate.
 20438 | Lair:2   | Found a runed translucent gate.
 20456 | Lair:2   | Found a staircase to the Swamp.
 20628 | Lair:2   | You fall into a shaft and drop 2 floors!
 20637 | Lair:4   | Reached skill level 5 in Dodging
 20728 | Lair:4   | Found a dark tunnel.
 20737 | Volcano  | Entered a volcano
 20913 | Volcano  | Found a bloodstained altar of Trog.
 20924 | Volcano  | Reached skill level 17 in Invocations
 21597 | Lair:4   | Gained mutation: You do not regenerate when monsters are
                  | visible. [potion of mutation]
 21597 | Lair:4   | Gained mutation: You are resistant to hostile enchantments.
                  | (MR+) [potion of mutation]
 21598 | Lair:4   | Lost mutation: You do not regenerate when monsters are
                  | visible. [potion of mutation]
 21598 | Lair:4   | Lost mutation: You are resistant to hostile enchantments.
                  | (MR+) [potion of mutation]
 21598 | Lair:4   | Gained mutation: Your mind is acute. (Int +2) [potion of
                  | mutation]
 21598 | Lair:4   | Gained mutation: You are covered in fur. (AC +1) [potion of
                  | mutation]
 21598 | Lair:4   | Gained mutation: You are clumsy. (Dex -2) [potion of
                  | mutation]
 21598 | Lair:4   | Gained mutation: You are partially covered in icy blue
                  | scales. (AC +2) [potion of mutation]
 21614 | Lair:3   | You fall into a shaft and drop 1 floor!
 21961 | Lair:2   | Found a staircase to the Snake Pit.
 22165 | Lair:2   | Noticed Jalix's ghost (journeyman MiGl)
 24234 | Lair:5   | Reached skill level 1 in Evocations
 24844 | Lair:5   | Found a staircase to the Slime Pits.
 24859 | Lair:6   | Entered Level 6 of the Lair of Beasts
 24944 | Lair:6   | Reached XP level 16. HP: 151/151 MP: 28/28
 25688 | Lair:6   | Found a large runed translucent door.
 25689 | Lair:6   | Found a large runed translucent door.
 25737 | Lair:6   | Reached skill level 18 in Invocations
 26846 | D:14     | Found a sacrificial altar of Ru.
 26915 | D:14     | Found a frozen archway.
 26937 | IceCv    | Entered an ice cave
 27314 | IceCv    | Got a scorched halberd
 27315 | IceCv    | Identified the +5 halberd "Inorghix" {elec, rElec rF- rC-
                  | Dex+8} (You found it in an ice cave)
 27930 | D:15     | Entered Level 15 of the Dungeon
 28327 | D:15     | Got the +5 broad axe of Trauma {drain, *Contam +Rage rN+}
 28370 | D:15     | Found a staircase to the Depths.
 29093 | Swamp:1  | Entered Level 1 of the Swamp
 29238 | Swamp:1  | Reached XP level 17. HP: 154/161 MP: 30/30
 29963 | Swamp:2  | Reached skill level 19 in Invocations
 30889 | Swamp:3  | Found a runed translucent gate.
 30889 | Swamp:3  | Found a runed translucent gate.
 30889 | Swamp:3  | Found a runed translucent gate.
 30905 | Swamp:3  | Noticed Name63's ghost (adept GnWz)
 31004 | Swamp:3  | Killed Name63's ghost
 31752 | Swamp:4  | Entered Level 4 of the Swamp
 31829 | Swamp:4  | Noticed Donald
 31836 | Swamp:4  | Killed Donald
 32107 | Swamp:4  | Reached XP level 18. HP: 125/172 MP: 31/31
 32224 | Swamp:4  | Reached skill level 20 in Invocations
 32775 | Swamp:4  | Got a decaying rune of Zot
 33113 | Snake:1  | Entered Level 1 of the Snake Pit
 33360 | Snake:1  | Noticed Jorgrun
 33372 | Snake:1  | Killed Jorgrun
 33450 | Snake:1  | Found a runed translucent gate.
 33450 | Snake:1  | Found a runed translucent gate.
 33450 | Snake:1  | Found a runed translucent gate.
 33451 | Snake:1  | Found an opulent altar of Gozag.
 33452 | Snake:1  | Noticed Liforeniyw's ghost (adept MiBe)
 33453 | Snake:1  | Found Gyfuuqoc's Assorted Antiques.
 33457 | Snake:1  | Found Hisab's Assorted Antiques.
 33483 | Snake:1  | Killed Liforeniyw's ghost
 33640 | Snake:1  | Bought a jewelled scale mail for 234 gold pieces
 33640 | Snake:1  | Identified the +2 scale mail of the Gate {rElec MR+ MP+9
                  | Dex+4} (You bought it in a shop on level 1 of the Snake
                  | Pit)
 33755 | Snake:1  | Noticed Kirke
 33766 | Snake:1  | Killed Kirke
 33965 | Snake:1  | Noticed Asterion
 33985 | Snake:1  | Killed Asterion
 34185 | Snake:1  | Noticed Agnes
 34195 | Snake:1  | Killed Agnes
 34661 | Snake:2  | Got the +4 pair of gloves "Xiowos Laale" {Harm}
 35038 | Snake:3  | Reached skill level 21 in Invocations
 35283 | Snake:3  | Reached XP level 19. HP: 183/183 MP: 33/33
 36174 | Snake:4  | Entered Level 4 of the Snake Pit
 36881 | Snake:4  | Reached skill level 22 in Invocations
 36935 | Snake:4  | Got a serpentine rune of Zot
 37819 | Depths:1 | Entered Level 1 of the Depths
 37836 | Depths:1 | Found a gateway to Hell.
 37901 | Depths:1 | Found a snail-covered altar of Cheibriados.
 37929 | Depths:1 | Reached XP level 20. HP: 195/195 MP: 35/35
 38114 | Depths:1 | Reached skill level 10 in Armour
 38328 | Depths:1 | Found a one-way gate to the infinite horrors of the Abyss.
 38576 | Depths:1 | Found a runed translucent gate.
 38576 | Depths:1 | Found a runed translucent gate.
 38576 | Depths:1 | Found a runed translucent gate.
 39180 | Depths:2 | Found Moap's Magic Scroll Shoppe.
 39183 | Depths:2 | Bought a scroll of fog for 24 gold pieces
 39183 | Depths:2 | Bought a scroll of teleportation for 36 gold pieces
 39183 | Depths:2 | Bought a scroll of acquirement for 624 gold pieces
 39183 | Depths:2 | Bought a scroll of enchant armour for 90 gold pieces
 39183 | Depths:2 | Bought a scroll of identify for 24 gold pieces
 39183 | Depths:2 | Bought a scroll of magic mapping for 42 gold pieces
 39183 | Depths:2 | Bought a scroll of holy word for 90 gold pieces
 39183 | Depths:2 | Bought a scroll of teleportation for 36 gold pieces
 39184 | Depths:2 | Found the +14 obsidian axe {vorpal, +Fly SInv *Curse}
 39184 | Depths:2 | Got the +14 obsidian axe {vorpal, +Fly SInv *Curse}
 40257 | Depths:3 | Reached skill level 23 in Invocations
 40400 | Depths:3 | Paralysed by a wizard for 3 turns
 40497 | Depths:3 | Found a one-way gate leading to the halls of Pandemonium.
 40908 | Depths:4 | Noticed Boris
 40921 | Depths:4 | Killed Boris
 40987 | Depths:4 | Reached XP level 21. HP: 183/202 MP: 36/36
 41383 | Depths:4 | Identified the +9 lajatang "Nuafia" {vamp, Str+6 Int-5}
 41560 | Depths:4 | Identified the amulet of Monotheism {Reflect *Slow rElec
                  | Dex+4 SH+5}
 41953 | Depths:4 | Noticed Jory
 41965 | Depths:4 | Killed Jory
 42008 | Depths:4 | Found a basalt altar of Yredelemnul.
 42097 | Depths:4 | Reached skill level 24 in Invocations
 42177 | Depths:4 | Found a gateway to a ziggurat.
 42479 | Depths:5 | Entered Level 5 of the Depths
 42699 | Depths:5 | Found a large runed translucent door.
 42699 | Depths:5 | Found a large runed translucent door.
 42703 | Depths:5 | Noticed Amikeex's ghost (adept TrMo)
 43580 | Depths:5 | Found a gate to the Realm of Zot.
 43583 | Depths:5 | Reached XP level 22. HP: 168/215 MP: 38/38
 44057 | Depths:5 | Killed Amikeex's ghost
 44348 | Vaults:1 | Entered Level 1 of the Vaults
 44761 | Vaults:1 | Identified the amulet "Rireahuo" {RegenMP +Fly Str-4 Int+2}
                  | (You found it on level 1 of the Vaults)
 45320 | Vaults:1 | Found Ecrog's General Store.
 45744 | Vaults:2 | Reached skill level 25 in Invocations
 45835 | Vaults:2 | Found Bikoegi's Book Boutique.
 45983 | Vaults:2 | Found a staircase to the Crypt.
 45983 | Vaults:2 | Found a basalt altar of Yredelemnul.
 45983 | Vaults:2 | Found an ancient bone altar of Kikubaaqudgha.
 46008 | Crypt:1  | Entered Level 1 of the Crypt
 46300 | Vaults:2 | Identified the cursed +1 great sword "Bolec" {drain, Dex+4
                  | Stlth+}
 46669 | Vaults:2 | Found Veesyu's Antique Armour Boutique.
 46676 | Vaults:2 | Bought a jewelled helmet for 237 gold pieces
 46676 | Vaults:2 | Bought a pair of embroidered gloves for 187 gold pieces
 46700 | Vaults:2 | Identified the +1 helmet "Dijitu" {Int+4} (You bought it in
                  | a shop on level 2 of the Vaults)
 46702 | Vaults:2 | Learned a level 1 spell: Apportation
 46978 | Vaults:2 | Reached skill level 1 in Translocations
 47222 | Vaults:2 | Reached XP level 23. HP: 225/225 MP: 39/39
 47321 | Vaults:3 | Found Wuqas's Armour Shop.
 47978 | Vaults:3 | Identified the amulet of Weqouly {Acrobat rPois MR- Str+9
                  | SInv} (You found it on level 3 of the Vaults)
 48120 | Vaults:3 | Reached skill level 26 in Invocations
 48190 | Vaults:3 | Reached skill level 5 in Translocations
 48633 | Vaults:3 | Found Pemeh's Distillery.
 48641 | Vaults:3 | Bought a potion of mutation for 96 gold pieces
 48641 | Vaults:3 | Bought a potion of mutation for 96 gold pieces
 48641 | Vaults:3 | Bought 2 potions of heal wounds for 120 gold pieces
 49846 | Vaults:4 | Learned a level 2 spell: Blink
 50191 | Vaults:4 | Identified Kataili's Incunabulum of the Fetching Volcanoes
 50819 | Elf:1    | Found Newem's Distillery.
 50820 | Elf:1    | Found Saseopupn's Jewellery Boutique.
 50820 | Elf:1    | Found Estaaf's Assorted Antiques.
 50825 | Elf:1    | Bought a potion of heal wounds for 55 gold pieces
 50825 | Elf:1    | Bought a potion of curing for 33 gold pieces
 50825 | Elf:1    | Bought a potion of mutation for 88 gold pieces
 50825 | Elf:1    | Found Puoc's Book Shop.
 50831 | Elf:1    | Bought the amulet of Jefabaif {rC+ Regen+ Dex+4} for 786
                  | gold pieces
 50837 | Elf:1    | Bought a scroll of enchant weapon for 285 gold pieces
 51056 | Elf:1    | Reached skill level 27 in Invocations
 51122 | Elf:1    | Reached XP level 24. HP: 208/233 MP: 40/40
 51730 | Elf:1    | Identified Majytege's Tome of the Escort
 51957 | Elf:1    | Learned a level 1 spell: Summon Butterflies
 51992 | Elf:2    | Reached skill level 1 in Summonings
 52093 | Elf:2    | Found Sasiz's Jewellery Emporium.
 52105 | Elf:2    | Bought the amulet "Xuer" {Reflect MR+ Int+5 SH+5} for 955
                  | gold pieces
 52200 | Elf:2    | Found a runed translucent door.
 52226 | Elf:2    | Found a runed translucent door.
 52258 | Elf:2    | Reached skill level 5 in Summonings
 53024 | Elf:2    | Noticed Louise
 53048 | Elf:2    | Killed Louise
 53408 | Elf:3    | Entered Level 3 of the Elven Halls
 53514 | Elf:3    | Found a flickering gateway to a bazaar.
 53541 | Bazaar   | Entered a bazaar
 53541 | Bazaar   | Found Anuitenu's Gadget Shoppe.
 53541 | Bazaar   | Found Ugyl's Antique Armour Shoppe.
 53570 | Bazaar   | Found Xiukhlus's Antique Weapon Emporium.
 53578 | Bazaar   | Found Luekuti's General Store.
 53586 | Bazaar   | Bought a scroll of identify for 24 gold pieces
 53589 | Bazaar   | Found Hoeblua's Magic Scroll Boutique.
 53597 | Bazaar   | Bought a scroll of magic mapping for 31 gold pieces
 53597 | Bazaar   | Bought a scroll of teleportation for 27 gold pieces
 53597 | Bazaar   | Bought a scroll of teleportation for 27 gold pieces
 53597 | Bazaar   | Bought a scroll of enchant armour for 67 gold pieces
 53597 | Bazaar   | Bought a scroll of enchant armour for 67 gold pieces
 53597 | Bazaar   | Bought a scroll of enchant weapon for 67 gold pieces
 53624 | Bazaar   | Bought a wand of clouds (6) for 210 gold pieces
 53986 | Elf:3    | Identified the +7 chain mail of the Four Howling Moons
                  | {-Tele +Inv rPois rN++}
 54864 | Elf:3    | Identified the +6 broad axe of Hemic {speed, rElec Dex+4}
 54885 | Elf:3    | Identified the +5 whip of Ashenzari's Reproof {speed,
                  | +Blink +Fly MP+9 Str-5}
 54985 | Elf:3    | Identified the +2 leather armour "Emme" {Harm rF++ MR+
                  | Dex-4}
 55209 | Elf:3    | Identified the +7 mace of Oriommum {venom, rN+ MR+ MP+9}
 55692 | Elf:3    | Identified the +3 scimitar "Liab" {vorpal, Dex+3}
 55706 | Elf:3    | Reached XP level 25. HP: 213/240 MP: 40/40
 56082 | Elf:3    | Identified the +8 ice dragon scales of the Present {rF-
                  | rC++ rCorr Dex-3 Stlth+} (You found it on level 3 of the
                  | Elven Halls)
 56098 | Elf:3    | Identified the ring of the Evening {rF+ Str+7 SInv Stlth-}
                  | (You found it on level 3 of the Elven Halls)
 56127 | Elf:3    | Found the +8 storm bow {elec, penet}
 56153 | Elf:3    | Identified a ring of the Octopus King {rCorr AC+1 EV+1
                  | Str+1 Int+1 Dex+1}
 56676 | Vaults:5 | Entered Level 5 of the Vaults
 56676 | Vaults:5 | Noticed Frederick
 56681 | Vaults:5 | Reached skill level 10 in Dodging
 56683 | Vaults:5 | Killed Frederick
 56929 | Vaults:5 | Noticed Mennas
 57261 | Vaults:5 | Identified the amulet of Jeddacs {Reflect *Slow Dex+3 SH+5
                  | SInv}
 57387 | Vaults:5 | Reached skill level 15 in Shields
 57510 | Vaults:5 | Reached XP level 26. HP: 249/249 MP: 40/40
 57547 | Vaults:5 | Identified the ring of the Demon Prince {+Inv rF+}
 57600 | Vaults:5 | Identified the +4 quarterstaff of Gravity {vamp, MR+}
 57600 | Vaults:5 | Identified the +7 shortbow of Psychosis {freeze, rC+ MR+}
 57603 | Vaults:5 | Identified the +8 shortbow "Ykhlunash" {freeze, rPois MR+}
 57633 | Vaults:5 | Killed Mennas
 58091 | Vaults:5 | Found Couzis's Antique Armour Boutique.
 58366 | Vaults:5 | Got a silver rune of Zot
 58419 | Vaults:5 | Identified the +1 chain mail "Elekacs" {Str+6 Slay-6
                  | Stlth+}
 59293 | Zig:1    | Entered Level 1 of a ziggurat
 59328 | Zig:2    | Entered Level 2 of a ziggurat
 59367 | Zig:3    | Entered Level 3 of a ziggurat
 59370 | Zig:3    | Noticed a greater mummy
 59384 | Zig:3    | HP: 12/253 [greater mummy (10)]
 59384 | Zig:3    | HP: 1/253 [greater mummy/divine providence (11)]
 59384 | Zig:3    | Mangled by an emperor scorpion

Illustrated notes

Levels and vault maps discovered:
D:1:      dpeg_arrival_round_c, layout_rooms
D:2:      layout_rooms, st_stairs_9, trog_book
D:3:      layout_loops_ring, nicolae_gozag_seed_capital,
          nicolae_overflow_hidden_temple, gammafunk_temple_overflow_elements
D:4:      layout_gridville, old_standard_altar, first_ration, uniq_duvessa
D:5:      layout_basic, nicolae_qazlal_general_emergency
D:6:      layout_loops_corners, evilmike_ruin_ashenzari,
          minmay_temple_entry_large_hall, ebering_ghost_sewer_f, uniq_maggie
D:7:      layout_cave_pools, overflow_temple_1_default,
          ebering_ghost_inner_flame, uniq_harold
D:8:      layout_loops_corners, the_bakery, minmay_fractal_squares_5
D:9:      layout_roguey, lair_entry_dummy
D:10:     layout_roguey, kennysheep_orc_monster_closet_entryway,
          nicolae_trove_entry_free_sample, uniq_grum, uniq_erolcha
D:11:     layout_gridville, enter_bailey_3, nicolae_tso_carved_into_rock
D:12:     layout_rooms, serial_shops, shop, uniq_rupert, uniq_nessos, uniq_urug
D:13:     layout_loops_ring, david_vaults_3, minivault_12
D:14:     layout_loops_ring, nicolae_ru_awakened_eye, gauntlet_entry_generic,
          portal_ice_cave_rime, st_stairs_5
D:15:     hangedman_depths_entry_try_elsewhere_first, layout_gridville,
          hangedman_abyss_or_decor_lesser_grid
Lair:1:   layout_chaotic_city, beast_lair_carwin_9
Lair:2:   layout_long_grid, minmay_swamp_entry_eels,
          minmay_snake_entry_six_corridors, ebering_ghost_rock_garden
Lair:3:   layout_layer_cave, grunt_megastairs_5
Lair:4:   layout_roguey, nicolae_volcano_entry_vermiform, lemuel_fruit_tree,
          grunt_megastairs_3, infiniplex_staircase_pool_2,
          minmay_lair_oklob_chamber
Lair:5:   layout_hall_layers, minmay_slime_entry_oklob_open,
          chequers_serial_rivers_room_b, serial_bayou_shore_a
Lair:6:   cheibrodos_lair_end_hotspot, layout_small_grid, special_room
          [special_room_mythical_zoo], wad_woods_road_06
Swamp:1:  layout_basic_swamp, nicolae_swamp_treefoil, swamp_pool5
Swamp:2:  layout_falls_marsh, serial_swamp_ruin, evilmike_swamp_ruin_house_2,
          evilmike_swamp_ruin_house_1, evilmike_swamp_ruin_house_5
Swamp:3:  layout_falls_marsh, gammafunk_ghost_hydra_chop, hangedman_swamp_cone
Swamp:4:  swamp_basic_johnstein, layout_basic_swamp, uniq_donald
Snake:1:  layout_grid_maze, ebering_ghost_gozag, uniq_agnes, uniq_kirke,
          uniq_asterion, uniq_jorgrun
Snake:2:  layout_onion_interference
Snake:3:  layout_grid_maze
Snake:4:  snake_hunt, layout_gridlike, grunt_ministairs_8, drop_trap,
          hangedman_snake_corridor_cut
Orc:1:    layout_caves, elves_outpost_lemuel
Orc:2:    st_orc_ogre_mass, layout_caves, uniq_saint_roka
Elf:1:    elf_arrival_002, layout_onion_city, minmay_elf_demonology,
          hangedman_elven_ridges, minmay_shoptagon
Elf:2:    layout_gridlike, minmay_shop_enchanted_jewellery, uniq_louise
Elf:3:    minmay_elf_hall_hex, layout_loops_corners, serial_shops,
          bzr_entry_lakeside
Vaults:1: nicolae_vaults_border_crossing, grunt_vaults_twisty, v_misc_24,
          nicolae_vaults_network_barrier, ontoclasm_vaults_pinch,
          layout_vaults_omnigrid, serial_shops, shop
Vaults:2: minmay_crypt_entry_necro_gods, hangedman_vaults_pinch,
          grunt_vaults_swirl, vaults_mumra_hexcomb, v_misc_33, v_rooms_3,
          nicolae_vaults_little_squares_2, ontoclasm_vaults_ring_small,
          nicolae_vaults_network_periphery, st_cells, vaults_dpeg_cross,
          layout_vaults_ring, serial_shops, nicolae_shop_crystal, shop
Vaults:3: v_misc_3, v_misc_23, ontoclasm_vaults_twist, v_pattern_5,
          nicolae_vaults_mini_display_case, ontoclasm_vaults_ring_large,
          vaults_mumra_lcd, hangedman_vaults_restitches, serial_ice_b,
          hangedman_vaults_slither, v_misc_3, vaults_dpeg_diagonal,
          vaults_dpeg_ring, grunt_vaults_hallway_short,
          nicolae_vaults_specimen_jars, layout_vaults_big_cross, serial_shops,
          shop, nicolae_shop_trees
Vaults:4: v_misc_28, nicolae_vaults_network_square, hangedman_vaults_restitches,
          grunt_vaults_bifocal, v_misc_27, nicolae_vaults_circle_grid_a,
          hangedman_vaults_stitches, vaults_standard_mumra_x,
          vaults_room_hallway, layout_vaults_maze_bifur
Vaults:5: uniq_margery, uniq_frederick, uniq_mennas
Crypt:1:  layout_misc_corridors, uniq_mara, uniq_sojobo
Depths:1: layout_basic, grunt_hell_horde, abyss_entry_crystal,
          kennysheep_flooded_box, minmay_misc_feat_rows, minmay_misc_feat_five,
          kennysheep_decorative_pillar, minivault_10, statue_in_the_mist_lemuel,
          pandoras_box_mu
Depths:2: hangedman_six_sided_sadism, layout_cave_pools,
          grunt_hell_entry_dis_old, minmay_misc_feat_more_columns, serial_shops,
          nicolae_shop_behind_doors, abyss_entry, nrook_uturn, firewood_loft,
          minmay_staircase_windowed_large, serial_bayou_shore_b
Depths:3: kennysheep_demon_jail, layout_honeycomb, rand_demon_pan_entry_7,
          fountainhead, abyss_entry, hell_entry
Depths:4: lemuel_vampire_tower, layout_cave_pools, enter_ziggurat_e,
          abyss_entry, hell_entry, hangedman_decor_riveting,
          kennysheep_crisscross, chequers_serial_rivers_micro_e,
          infiniplex_staircase_diamond, uniq_boris
Depths:5: grunt_zot_entry_bicorn, layout_basic, ebering_ghost_disaster_area,
          pan_entry, hell_entry, dk_noncrumbling_4
Zig:3

Skill      XL: |  1  2  3  4  5  6  7  8  9 10 11 12 13 14 15 16 17 18 19 20 21 22 23 24 25 26 |
---------------+-------------------------------------------------------------------------------+-----
Axes           | 3 4 5 6 7 8 9 11 12 15 16 17 18 20 21 22 23 24 25 | 25.9
Fighting       | 4 5 6 7 8 9 10 12 13 14 15 16 17 18 19 20 21 22 23 | 23.9
Armour         | 4 5 6 8 9 11 13 14 | 14.9
Invocations    | 1 3 5 7 9 11 13 14 16 17 18 19 21 22 23 24 25 27 | 27.0
Shields        | 5 6 8 10 11 13 15 | 15.0
Dodging        | 2 4 6 8 9 11 | 11.4
Evocations     | 1 4 |  4.0
Translocations | 2 8 9 |  9.0
Summonings     | 7 |  7.6

Action                   |  1- 3 |  4- 6 |  7- 9 | 10-12 | 13-15 | 16-18 | 19-21 | 22-24 | 25-27 || total
-------------------------+-------+-------+-------+-------+-------+-------+-------+-------+-------++-------
Melee: War axe           |   107 |   161 |   364 |   679 |   999 |   826 |       |       |       ||  3136
       Morningstar       |       |       |       |       |    18 |   189 |       |       |       ||   207
       Broad axe         |       |       |       |       |       |   348 |   915 |  1335 |   480 ||  3078
Throw: Throwing net      |       |       |       |     9 |     2 |       |       |       |       ||    11
 Cast: Blink             |       |       |       |       |       |       |       |     2 |       ||     2
       Apportation       |       |       |       |       |       |       |       |     1 |       ||     1
Invok: Bend Time         |       |       |     2 |     5 |     1 |     1 |     1 |       |       ||    10
       Slouch            |       |       |       |     5 |     8 |     9 |    11 |    10 |     1 ||    44
       Temporal Distorti |       |       |       |       |       |       |       |     1 |       ||     1
 Abil: Stop Flying       |       |       |       |       |       |       |     1 |       |       ||     1
       Evoke Flight      |       |       |       |       |       |       |     1 |       |       ||     1
Evoke: Wand              |       |       |       |    13 |    43 |    32 |     6 |     4 |     6 ||   104
  Use: Scroll            |     1 |       |     4 |    13 |    13 |    18 |    15 |    17 |    11 ||    92
       Potion            |       |     2 |     6 |     3 |     4 |       |     4 |     3 |     4 ||    26
 Stab: Paralysed         |       |       |       |     4 |       |       |       |       |       ||     4
       Held in net/web   |       |       |       |     4 |     2 |       |       |       |       ||     6
       Sleeping          |       |       |       |       |    10 |       |       |       |       ||    10
       Distracted        |       |       |       |       |       |     1 |     4 |     3 |     1 ||     9
       Confused          |       |       |       |       |       |     1 |       |       |       ||     1
  Eat: Chunk             |       |     6 |     9 |    13 |    19 |    16 |     7 |    10 |     1 ||    81
       Ration            |       |       |       |     1 |       |     2 |     3 |     6 |     1 ||    13
Armor: Scale mail        |    45 |    17 |     1 |    22 |    24 |       |       |       |       ||   109
       Chain mail        |       |    42 |   141 |    96 |    71 |   529 |    58 |       |       ||   937
       Skin              |       |       |       |     5 |       |       |       |       |       ||     5
       Fire dragon scale |       |       |       |       |       |       |   179 |   181 |   138 ||   498
Dodge: Dodged            |    24 |    38 |    68 |   137 |   200 |   469 |   301 |   351 |   142 ||  1730
Block: Kite shield       |   102 |   147 |   308 |   556 |       |       |       |       |       ||  1113
       Reflection        |     1 |    13 |     3 |    25 |    24 |       |       |    84 |       ||   150
       Tower shield      |       |       |       |       |  1110 |  1877 |  1152 |  1437 |   565 ||  6141
